 Dungeon Crawl Stone Soup version 0.32-a0-699-g1ee5eff69a (webtiles) character file.

Game seed: 10737112061232550155

5349 warriortoast the Geomancer (level 10, -10/50 HPs)
             Began as a Gargoyle Earth Elementalist on Mar 13, 2024.
             Was a Believer of Hepliaklqana.
             Mangled by a centaur warrior simulacrum (23 damage)
             ... on level 10 of the Dungeon.
             The game lasted 00:31:21 (11036 turns).

warriortoast the Geomancer (GrEE)                  Turns: 11036, Time: 00:31:22

Health: -10/50     AC: 12    Str: 12    XL:     10   Next: 65%
Magic:  17/30      EV: 11    Int: 20    God:    Hepliaklqana [**....]
Gold:   408        SH:  0    Dex: 16    Spells: 5/23 levels left

rFire   . . .        v - +4 flail
rCold   . . .        (no shield)
rNeg    + . .        a - +0 robe rPois āˆž
                     (no helmet)
rElec   +            d - +0 cloak
rCorr   .            o - +0 pair of gloves
SInv    .            A - +0 pair of boots
Will    .....        (no amulet)
Stlth   +++          f - ring of magical power
HPRegen 0.28/turn    w - +6 ring of dexterity
MPRegen 0.22/turn

%: no passive effects
@: no status effects
A: reduced essence, sickness immunity, AC +7, negative energy resistance 1,
electricity resistance, torment resistance 1, petrification resistance
a: Renounce Religion, Ancestor Life: Knight, Ancestor Life: Battlemage, Ancestor
Life: Hexer, Recall Ancestor, Ancestor Identity


You were on level 10 of the Dungeon.
You worshipped Hepliaklqana.
Hepliaklqana was pleased with you.
You visited 1 branch of the dungeon, and saw 10 of its levels.
You also visited: Sewer.

You collected 588 gold pieces.
You spent 180 gold pieces at shops.

Inventory:

Hand Weapons
 e - a +0 short sword
 i - a +0 halberd of venom
 v - a +4 flail (weapon)
Missiles
 l - a throwing net
Armour
 a - a +0 robe (worn)
 d - a +0 cloak (worn)
 o - a +0 pair of gloves (worn)
 q - a +1 scale mail of cold resistance
 A - a +0 pair of boots (worn)
 L - the +2 ring mail of Bespelled Lucidity {rN+ Regen+ rCorr Dex+3}
   (You bought it in a shop on level 2 of the Dungeon)

   Dex+3:     It affects your dexterity (+3).
   rN+:       It protects you from negative energy.
   Regen+:    It increases your rate of health regeneration.
   rCorr:     It protects you from acid and corrosion.
Magical Staves
 p - a staff of alchemy
 G - a staff of cold
Jewellery
 f - a ring of magical power (left hand)
 w - a +6 ring of dexterity (right hand)
 x - a ring of positive energy
 O - a ring of fire
 Q - a ring of wizardry
Wands
 J - a wand of paralysis (4)
 M - a wand of mindburst (20)
 S - a wand of quicksilver (6)
Scrolls
 h - 2 scrolls of noise {unknown}
 j - a scroll of revelation
 k - a scroll of poison
 m - 2 scrolls of enchant armour {unknown}
 n - 2 scrolls of enchant weapon
 r - 3 scrolls of teleportation
 y - a scroll of brand weapon {unknown}
 E - a scroll of immolation {unknown}
 H - 3 scrolls of fear
 P - a scroll of vulnerability {unknown}
 R - a scroll of fog {unknown}
Potions
 b - 5 potions of magic
 c - 3 potions of curing
 g - a potion of lignification {unknown}
 s - 5 potions of haste
 t - 3 potions of mutation
 u - a potion of brilliance {unknown}
 z - a potion of enlightenment {unknown}
 B - 2 potions of heal wounds {unknown}
 C - 2 potions of resistance {unknown}
 D - a potion of degeneration {unknown}
 I - 2 potions of attraction {unknown}
 K - a potion of berserk rage {unknown}
 N - a potion of ambrosia {unknown}


   Skills:
 + Level 3.6 Fighting
 - Level 1.5 Dodging
 + Level 4.7 Stealth
 + Level 7.4 Spellcasting
 + Level 8.6 Conjurations
 + Level 3.2 Air Magic
 - Level 10.0 Earth Magic
 + Level 3.4 Evocations


You had 5 spell levels left.
You knew the following spells:

 Your Spells              Type           Power      Damage    Failure   Level
a - Sandblast             Erth           94%        2d19      1%          1
b - Stone Arrow           Conj/Erth      88%        3d12      1%          3
c - Brom's Barrelling Bo  Conj/Erth      44%        2d6       1%          4
d - Petrify               Alch/Erth      27%        N/A       12%         4
e - Passwall              Erth           47%        N/A       1%          3
f - Swiftness             Air            20%        N/A       7%          3

Your spell library contained the following spells:

 Spells                   Type           Power      Damage    Failure   Level
 Momentum Strike          Conj/Tloc      48%        3d9       2%          2
 Hailstorm                Conj/Ice       24%        3d7       4%          3
 Lee's Rapid Deconstruct  Erth           23%        3d13*     4%          5
 Apportation              Tloc           14%        N/A       9%          1
 Freeze                   Ice            28%        1d5       9%          1
 Leda's Liquefaction      Alch/Erth      13%        N/A       12%         4
 Blink                    Tloc           14%        N/A       14%         2
 Ensorcelled Hibernation  Hex/Ice        14%        N/A       14%         2
 Jinxbite                 Hex            14%        N/A       14%         2
 Lesser Beckoning         Tloc           14%        N/A       14%         2
 Flame Wave               Conj/Fire      24%        2d8       16%         4
 Call Canine Familiar     Summ           7%         N/A       26%         3
 Frozen Ramparts          Ice            14%        1d3       26%         3
 Fugue of the Fallen      Necr           7%         N/A       26%         3
 Inner Flame              Hex/Fire       7%         N/A       26%         3
 Ozocubu's Armour         Ice            7%         N/A       26%         3
 Sigil of Binding         Hex            7%         N/A       26%         3
 Dimensional Bullseye     Hex/Tloc       3%         N/A       65%         4
 Manifold Assault         Tloc           7%         N/A       65%         4
 Passage of Golubria      Tloc           7%         N/A       65%         4
 Sticky Flame             Fire/Alch      7%         2d4       65%         4
 Silence                  Hex/Air        6%         N/A       78%         5
 Alistair's Intoxication  Alch           4%         N/A       94%         5
 Permafrost Eruption      Ice/Erth       13%        2x4d5     87%         6
 Lehudib's Crystal Spear  Conj/Erth      22%        10d6      100%        8


Dungeon Overview and Level Annotations

Branches:
Dungeon (10/15)            Temple (0/1) D:7             Orc (0/2) D:9
  Sewer (visited)
   Lair: D:8-11

Altars:
Elyvilon
Fedhas
Hepliaklqana
Nemelex Xobeh
Okawaru
Qazlal
Trog
Uskayaw
Wu Jian
Zin

Shops:
D:2 [   D:9 (

Annotations:
D:3 Natasha


Innate Abilities, Weirdness & Mutations

Your life essence is reduced to manifest your ancestor. (-10% HP)
You are immune to sickness and miasma.
Your stone body is resilient. (AC +7)
You are immune to poison.
You resist negative energy. (rN+)
You are resistant to electric shocks. (rElec)
You are resistant to unholy torment.
You are immune to petrification.


Message History

The polar bear bites you! The polar bear barely misses you. x2
Unknown command.
Casting: Stone Arrow (safe; 1% risk of failure)
Confirm with . or Enter, or press ? or * to list all spells.
Aiming: Stone Arrow (safe; 1% risk of failure)
Press: ? - help, Shift-Dir - straight line, f/p - polar bear
Aim: a polar bear (lightly wounded, 82% to hit)
The stone arrow hits the polar bear!!
The polar bear is severely wounded.
The centaur warrior simulacrum hits you but does no damage.
The centaur warrior simulacrum kicks you but does no damage.
The polar bear goes berserk!
Casting: Stone Arrow (safe; 1% risk of failure)
Confirm with . or Enter, or press ? or * to list all spells.
Aiming: Stone Arrow (safe; 1% risk of failure)
Press: ? - help, Shift-Dir - straight line, f/p - polar bear
Aim: a polar bear (severely wounded, berserk, 82% to hit)
The stone arrow hits the polar bear!
The polar bear is almost dead.
The centaur warrior simulacrum misses you.
The centaur warrior simulacrum kicks you but does no damage.
The polar bear bites you but does no damage.
The polar bear closely misses you. The polar bear barely misses you.
The centaur warrior simulacrum hits you.
The centaur warrior simulacrum freezes you!!
* * * LOW HITPOINT WARNING * * *
The centaur warrior simulacrum completely misses you.
Casting: Stone Arrow (safe; 1% risk of failure)
Confirm with . or Enter, or press ? or * to list all spells.
Aiming: Stone Arrow (safe; 1% risk of failure)
Press: ? - help, Shift-Dir - straight line, f/p - polar bear
Aim: a polar bear (almost dead, berserk, 82% to hit)
The stone arrow hits the polar bear!
You kill the polar bear!
The centaur warrior simulacrum hits you but does no damage.
The centaur warrior simulacrum kicks you.
* * * LOW HITPOINT WARNING * * *
The centaur warrior simulacrum freezes you!!
You die...
Hepliaklqana delivers you to your ancestors.

,*,,*,,,#..#.###..###...##.....#,
,,,,,,*,..........#.....#......#,
,,,*,,,,.#........#.....#.....^#,
,,,,,*,*..........#.....#..<...#,
,,,,,,,,..........#.....#......#,
,,,*****#.......################,
****,,,,..<.............,,,,,,,*,
,,,*,,,,................,,,,,,,*,
,,,*,,,,........@.......,,,,,,,*,
,,,*,,,,.......Zā€ .......,,,,,,,*,
,,,*****#...............,,,<,,,*,
,,,*,,,,..............#.,,,,,,,**
,,,+,,,,....~~~.......#,,,,,,,,,,
****,,,,..~~ā‰ˆ~~~......#,,,,,,,,,,
,,,*,,,,,.~ā‰ˆ~~~~......#,,,,,,,,,,
,,,*,,,,,..~~~~~..$...#,,,,,,,,,,
,,,*,,,,,,~~~~~,,,,,,,*,,,,,,,,,,


You could see a centaur warrior simulacrum.

Vanquished Creatures
  Maurice (D:7)
  Jeremiah (D:7)
  A hornet (D:8)
  A polar bear (D:10)
  Prince Ribbit (D:5)
  Sigmund (D:5)
  A wyvern (D:9)
  The ghost of Fodor the Covered, an amateur MiFi (D:4)
  Eustachio (D:5)
  A steam dragon (D:8)
  Menkaure (D:5)
  A water moccasin (D:5)
  Duvessa (D:7)
  An orc warrior (D:6)
  An ice beast (D:7)
  3 sky beasts
  4 ogres
  A centaur (D:7)
  3 kobold brigands
  2 bullfrogs
  5 scorpions
  5 wights (D:9)
  Dowan (D:7)
  3 howler monkeys (D:7)
  2 bombardier beetles
  4 hounds
  3 jellies (Sewer)
  5 orc priests
  Jessica (D:2)
  An iguana (D:7)
  Natasha (D:3)
  A sleepcap (D:5)
  10 orc wizards
  16 adders
  7 gnolls
  A shadow imp (D:4)
  A white imp (D:8)
  2 ufetubi (D:6)
  3 ribbon worms
  2 dart slugs (D:5)
  23 orcs
  7 ball pythons
  8 bats
  16 endoplasms
  7 giant cockroaches
  7 goblins
  3 hobgoblins
  12 jackals
  8 quokkas
  12 frilled lizards
  18 kobolds
  10 rats
233 creatures vanquished.

Vanquished Creatures (collateral kills)
  An orc warrior (D:9)
  A bullfrog (D:9)
  3 orcs (D:9)
  5 kobolds (D:9)
10 creatures vanquished.

Vanquished Creatures (others)
  An ancestor (D:10)
1 creature vanquished.

Grand Total: 244 creatures vanquished

Notes
Turn   | Place    | Note
-------+----------+-------------------------------------------
     0 | D:1      | warriortoast the Gargoyle Earth Elementalist began the
                  | quest for the Orb.
     0 | D:1      | Reached XP level 1. HP: 10/10 MP: 3/3
   183 | D:1      | Reached XP level 2. HP: 14/15 MP: 5/5
   352 | D:1      | Reached skill level 4 in Earth Magic
  1005 | D:2      | Found Deitsiec's Antique Armour Boutique.
  1016 | D:2      | Noticed Jessica
  1021 | D:2      | Killed Jessica
  1022 | D:2      | Reached XP level 3. HP: 19/19 MP: 7/7
  1204 | D:2      | Reached XP level 4. HP: 23/24 MP: 8/8
  1438 | D:2      | Found a blossoming altar of Fedhas.
  1812 | D:3      | Found a glowing drain.
  1832 | Sewer    | Entered a sewer
  1897 | Sewer    | Reached XP level 5. HP: 28/28 MP: 9/9
  2009 | Sewer    | Reached skill level 5 in Earth Magic
  2178 | Sewer    | Found a viscous altar of Jiyva.
  2239 | Sewer    | Reached XP level 6. HP: 32/32 MP: 11/11
  2504 | D:3      | Found a sparkling altar of Nemelex Xobeh.
  2563 | D:3      | Noticed Natasha
  2567 | D:3      | Killed Natasha
  3386 | D:4      | Reached skill level 6 in Earth Magic
  3413 | D:4      | Found a runed translucent door.
  3419 | D:4      | Noticed Fodor's ghost (amateur MiFi)
  3444 | D:4      | Reached XP level 7. HP: 30/36 MP: 13/13
  3494 | D:4      | Found a white marble altar of Elyvilon.
  3900 | D:4      | Reached skill level 5 in Conjurations
  4092 | D:5      | Entered Level 5 of the Dungeon
  4092 | D:5      | Noticed Eustachio
  4102 | D:5      | Killed Eustachio
  4103 | D:5      | Reached skill level 5 in Spellcasting
  4103 | D:5      | Reached skill level 7 in Earth Magic
  4103 | D:5      | Reached XP level 8. HP: 40/41 MP: 15/15
  4145 | D:5      | Noticed Menkaure
  4149 | D:5      | Killed Menkaure
  4227 | D:5      | Noticed Sigmund
  4283 | D:5      | Killed Sigmund
  4318 | D:5      | Found a glowing silver altar of Zin.
  4360 | D:5      | Noticed Prince Ribbit
  4364 | D:5      | Killed Prince Ribbit
  4365 | D:5      | Reached skill level 8 in Earth Magic
  4407 | D:5      | Found a bloodstained altar of Trog.
  4488 | D:5      | Reached XP level 9. HP: 14/45 MP: 18/18
  4949 | D:5      | Learned a level 3 spell: Stone Arrow
  4954 | D:5      | Learned a level 4 spell: Brom's Barrelling Boulder
  4959 | D:5      | Learned a level 4 spell: Petrify
  4963 | D:5      | Learned a level 3 spell: Passwall
  4967 | D:5      | Learned a level 3 spell: Swiftness
  5917 | D:6      | Reached skill level 1 in Evocations
  6071 | D:6      | Reached skill level 1 in Air Magic
  6219 | D:6      | Found a stormy altar of Qazlal.
  6236 | D:6      | Reached skill level 9 in Earth Magic
  6304 | D:6      | Found an iron altar of Okawaru.
  6775 | D:7      | Found a hazy altar of Hepliaklqana.
  6789 | D:7      | Became a worshipper of Hepliaklqana the Forgotten
  6873 | D:7      | Noticed Jeremiah
  6933 | D:7      | Noticed Duvessa
  6934 | D:7      | Noticed Dowan
  6951 | D:7      | Killed Duvessa
  6955 | D:7      | Killed Dowan
  7069 | D:7      | Found a staircase to the Ecumenical Temple.
  7414 | D:7      | Noticed Maurice
  7418 | D:7      | Maurice stole 286 gold
  7419 | D:7      | Killed Maurice
  7420 | D:7      | Reached skill level 1 in Fighting
  7821 | D:4      | Killed Fodor's ghost
  7822 | D:4      | Reached XP level 10. HP: 48/53 MP: 11/20
  7970 | D:2      | Bought a spiked ring mail for 180 gold pieces
  7970 | D:2      | Identified the +2 ring mail of Bespelled Lucidity {rN+
                  | Regen+ rCorr Dex+3} (You bought it in a shop on level 2 of
                  | the Dungeon)
  7992 | D:3      | Noticed Natasha
  8309 | D:7      | Killed Jeremiah
  8822 | D:8      | Found an ornate altar of the Wu Jian Council.
  8823 | D:8      | Found a blossoming altar of Fedhas.
  8898 | D:8      | Reached * piety under Hepliaklqana
  8926 | D:8      | Found a hide-covered altar of Uskayaw.
  9982 | D:9      | Found Dioloanoh's Hydra Hut.
  9983 | D:9      | Noticed a six-headed hydra
 10037 | D:9      | Reached ** piety under Hepliaklqana
 10212 | D:9      | Reached skill level 10 in Earth Magic
 10716 | D:9      | Found a staircase to the Orcish Mines.
 10949 | D:10     | Entered Level 10 of the Dungeon
 11036 | D:10     | Mangled by a centaur warrior simulacrum

Illustrated notes

Levels and vault maps discovered:
D:1:      co_arrival_square_in_a_square_in_a_square, layout_loops_ring
D:2:      layout_loops_ring, serial_shops, shop, basic_altar,
          grunt_ministairs_2, nicolae_houndstooth_variations, uniq_jessica
D:3:      minmay_thinvault, layout_loops_ring, nemelex_spade_bored_becter,
          portal_sewer_entry_f, corexii_hall_statues_x, kennysheep_doodads,
          grunt_decor_one_mirror, serial_bayou_pond_e, uniq_natasha
D:4:      layout_gridville, kennysheep_mini, ebering_ghost_sewer_d,
          kennysheep_generic_room_15
D:5:      layout_basic, zin_academy, mainiacjoe_overflow_tiny_flanked,
          corexii_leaking_fountain, kennysheep_big_empty_room,
          minmay_diced_spiral, uniq_sigmund, uniq_eustachio,
          uniq_prince_ribbit1, uniq_menkaure
D:6:      layout_basic, mainiacjoe_overflow_small_starburst,
          mainiacjoe_overflow_alcove_2
D:7:      layout_loops_corners, mainiacjoe_overflow_cross_hatched, uniq_duvessa,
          uniq_maurice, uniq_jeremiah
D:8:      layout_loops_cross, eat_drink_and_be_merry_uskayaw, minitemple,
          glass_columns_a, nicolae_sextant, kennysheep_generic_room_3
D:9:      layout_grid_maze, orc_0_dummy, roderic_serpentine_path,
          doesnt_shop_hydraphobe
D:10:     layout_grid_maze, nicolae_vehumet_radiance,
          nicolae_overflow_crystal_walls, enter_bailey_3, serial_ice,
          serial_ice_e, serial_ice_f, serial_ice_n, serial_ice_b, serial_ice_m,
          serial_ice_a, serial_ice_l

Skill      XL: |  1  2  3  4  5  6  7  8  9 10 |
---------------+-------------------------------+-----
Earth Magic    | 4 5 6 7 8 9 10 | 10.0
Conjurations   | 2 3 4 5 7 8 |  8.6
Spellcasting   | 3 4 5 6 7 |  7.4
Evocations     | 2 3 |  3.4
Air Magic      | 2 3 |  3.2
Fighting       | 2 3 |  3.6
Stealth        | 3 4 |  4.7
Dodging        | |  1.5

Action                     |  1- 3 |  4- 6 |  7- 9 | 10-12 || total
---------------------------+-------+-------+-------+-------++-------
  Melee: Halberd           |     2 |     2 |       |       ||     4
         Flail             |       |       |     4 |     2 ||     6
   Cast: Sandblast         |    35 |   127 |   125 |    92 ||   379
         Stone Arrow       |       |       |    13 |    12 ||    25
         Brom's Barrelling |       |       |     3 |     2 ||     5
         Petrify           |       |       |       |     1 ||     1
    Use: Scroll            |       |       |     5 |     4 ||     9
   Stab: Sleeping          |     1 |       |       |       ||     1
 Armour: Robe              |     5 |    29 |    57 |    36 ||   127
  Dodge: Dodged            |     7 |    32 |    51 |    34 ||   124

Table legend: (Time is in decaauts)
 A = Elapsed time spent in this place.
 B = Non-inter-level travel time spent in this place.
 C = Inter-level travel time spent in this place.
 D = Time resting spent in this place.
 E = Time spent auto-exploring this place.
 F = Levels seen in this place.
 G = Mean time per level.
                   A        B        C        D        E       F      G
               +--------+--------+--------+--------+--------+-----+--------+
         Total |  11272 |  10597 |    675 |    663 |   8311 |  11 | 1024.7 |
       Dungeon |  10780 |  10105 |    675 |    616 |   8001 |  10 | 1078.0 |
         Sewer |    492 |    492 |      0 |     47 |    310 |   1 |  492.0 |
               +--------+--------+--------+--------+--------+-----+--------+

Top non-repeatable levels by time:
     D:5: 1758 daAuts
     D:7: 1565 daAuts
     D:9: 1520 daAuts
     D:3: 1255 daAuts
     D:4: 1001 daAuts
     D:1: 994 daAuts
     D:8: 939 daAuts
     D:2: 891 daAuts
     D:6: 765 daAuts
   Sewer: 492 daAuts
    D:10: 87 daAuts
